[Event "XXVII RUS-chT Women 2020"]
[Site "Sochi"]
[Date "2020.11.22"]
[Round "4.22"]
[White "Gubernatorova, Lyudmila"]
[Black "Baiburina, Kamilla"]
[Result "1-0"]
[ECO "A40"]
[WhiteElo "2200"]
[BlackElo "1805"]
[Annotator "NA"]
[PlyCount "83"]
[EventDate "2020.11.19"]
[EventType "team-tourn"]
[EventCountry "RUS"]
[SourceTitle "playchess.com"]
[Source "ChessBase"]
[SourceQuality "1"]
[TimeControl "40/5400+30:1800+30"]

1. d4 e6 2. c4 b6 3. Nc3 Bb7 4. Nf3 Nf6 5. e3 Bb4 6. Bd2 Bxc3 7. Bxc3 Ne4 8. Rc1 d6 9. Bd3 Nd7 10. O-O O-O 11. Be1 f5 12. Nd2 Qg5 13. f4 Qg6 14. Nxe4 Bxe4 15. Bxe4 fxe4 16. b4 Rad8 17. Rc2 $14 c5 18. dxc5 dxc5 19. Rd2 Qe8 20. Bh4 Nf6 21. b5 Qe7 22. Rff2 e5 23. f5 Rd3 24. Rxd3 exd3 25. Qxd3 Rd8 26. Bxf6 gxf6 27. Qe4 Qd7 28. h3 Qg7 29. Kh2 Kh8 30. g4 Qg5 31. Rg2 h6 32. Kg3 h5 33. h4 Qxg4+ 34. Qxg4 hxg4 35. Kxg4 Kg7 36. Kf3+ Kf7 37. h5 Rh8 38. Rh2 Kg7 39. Ke4 Rh7 40. Kd5 Kf7 41. h6 Ke7 42. Ke4 1-0

[Event "XXVII RUS-chT Women 2020"]
[Site "Sochi"]
[Date "2020.11.22"]
[Round "4.23"]
[White "Idrisova, Roza"]
[Black "Dorokhina, Elizaveta"]
[Result "1-0"]
[ECO "A04"]
[WhiteElo "1960"]
[BlackElo "1824"]
[Annotator "NA"]
[PlyCount "89"]
[EventDate "2020.11.19"]
[EventType "team-tourn"]
[EventCountry "RUS"]
[SourceTitle "playchess.com"]
[Source "ChessBase"]
[SourceQuality "1"]
[TimeControl "40/5400+30:1800+30"]

1. Nf3 f5 2. g3 g6 3. Bg2 Bg7 4. d4 Nf6 5. O-O O-O 6. b3 Ne4 7. Bb2 c5 8. Nbd2 Nc6 9. e3 $11 d5 10. Ne5 Nxe5 11. dxe5 Qc7 12. f4 Nxd2 13. Qxd2 e6 14. Rfd1 c4 15. Ba3 Rd8 16. Bd6 Qc6 17. a4 Rxd6 18. exd6 Bd7 19. Rab1 c3 20. Qe2 Qxd6 21. g4 fxg4 22. Qxg4 Rf8 23. Rd3 b5 24. axb5 Bxb5 25. Rdd1 Qb6 26. Re1 Rf5 27. Kh1 Bh6 28. Qh4 Bf8 29. Rbd1 Bc5 30. Qg3 Rf8 31. Bh3 Kh8 32. Bg2 a6 33. Qg5 Rf5 34. Qg3 Rf8 35. Bh3 d4 36. exd4 Bxd4 37. Bg2 Kg8 38. Qf3 Bf2 39. Re5 Bd4 40. Re4 e5 41. Qg4 Bc6 42. Qe6+ Rf7 43. Rxe5 Bxe5 44. Bxc6 Bxf4 45. Rd7 1-0

[Event "XXVII RUS-chT Women 2020"]
[Site "Sochi"]
[Date "2020.11.22"]
[Round "4.24"]
[White "Tinina, Kristina"]
[Black "Absalyamova, Karina"]
[Result "1-0"]
[ECO "C10"]
[WhiteElo "1678"]
[BlackElo "1884"]
[Annotator "NA"]
[PlyCount "115"]
[EventDate "2020.11.19"]
[EventType "team-tourn"]
[EventCountry "RUS"]
[SourceTitle "playchess.com"]
[Source "ChessBase"]
[SourceQuality "1"]
[TimeControl "40/5400+30:1800+30"]

1. e4 e6 2. d4 d5 3. Nc3 dxe4 4. Nxe4 Bd7 5. Nf3 Bc6 6. Bd3 Nd7 7. c3 Ngf6 8. Nxf6+ Nxf6 9. Qe2 Bxf3 10. Qxf3 Qd5 11. Qxd5 Nxd5 12. O-O O-O-O 13. Be4 Be7 14. Be3 f5 15. Bf3 g5 16. Rae1 g4 17. Bxd5 Rxd5 18. Bf4 Kd7 19. c4 Ra5 20. a3 Bf6 21. Rd1 Rg8 22. Rfe1 Bg5 23. Be5 Rg6 24. Rd3 Bf6 25. Bf4 Bg5 26. Be5 Bf6 27. Bf4 Bg5 28. b4 Ra6 29. b5 Ra4 30. Bxg5 Rxg5 31. d5 e5 32. c5 Rc4 33. c6+ Kd6 34. g3 b6 35. Kg2 e4 36. Rd2 Rg7 37. h3 Rc3 38. hxg4 Rxg4 39. Rh1 Rg7 40. Rh6+ Kc5 41. Rh5 Rd3 42. Rc2+ Kxd5 43. Rxf5+ Ke6 44. Rf4 Rxa3 45. Rxe4+ Kd5 46. Re8 Rb3 47. Rd2+ Kc4 48. Rd7 Rg6 49. Rxc7 Kxb5 50. Re5+ Ka6 51. Ree7 b5 52. Rxa7+ Kb6 53. c7 Rc3 54. Rxh7 b4 55. Ra8 Rgc6 56. Rb8+ Ka5 57. c8=Q Rxc8 58. Ra7# 1-0

[Event "XXVII RUS-chT Women 2020"]
[Site "Sochi"]
[Date "2020.11.23"]
[Round "5.20"]
[White "Absalyamova, Karina"]
[Black "Lesnykh, Zhanna"]
[Result "0-1"]
[ECO "A89"]
[WhiteElo "1884"]
[BlackElo "1755"]
[Annotator "NA"]
[PlyCount "84"]
[EventDate "2020.11.19"]
[EventType "team-tourn"]
[EventCountry "RUS"]
[SourceTitle "playchess.com"]
[Source "ChessBase"]
[SourceQuality "1"]
[TimeControl "40/5400+30:1800+30"]

1. d4 f5 2. c4 Nf6 3. g3 g6 4. Bg2 Bg7 5. Nf3 O-O $11 6. Nc3 d6 7. O-O Nc6 8. Rb1 e5 9. dxe5 dxe5 10. Qxd8 Rxd8 11. Nb5 Ne8 12. Ng5 Ne7 13. b3 h6 14. Ba3 Bf6 15. Nh3 c6 16. Nc3 e4 17. Na4 Rd2 18. Rfd1 Rxa2 19. Bb4 Rc2 20. f3 b5 21. Nc5 bxc4 22. fxe4 Rb8 23. bxc4 Rxc4 24. Ba3 Rxb1 25. Rxb1 Bd4+ 26. Kf1 Bxc5 27. Bc1 fxe4 28. Bxh6 Nf5 29. Bf4 Ne3+ 30. Bxe3 Bxe3 31. Nf4 Bf5 32. h3 Rc1+ 33. Rxc1 Bxc1 34. Kf2 a5 35. e3 a4 36. Ne2 Bb2 37. Bf1 a3 38. Nd4 Bxd4 39. Bc4+ Kf8 40. exd4 Ke7 41. d5 cxd5 42. Bxd5 Be6 0-1

[Event "XXVII RUS-chT Women 2020"]
[Site "Sochi"]
[Date "2020.11.23"]
[Round "5.23"]
[White "Dorokhina, Elizaveta"]
[Black "Zavivaeva, Emilia"]
[Result "1-0"]
[ECO "B31"]
[WhiteElo "1824"]
[BlackElo "1790"]
[Annotator "NA"]
[PlyCount "63"]
[EventDate "2020.11.19"]
[EventType "team-tourn"]
[EventCountry "RUS"]
[SourceTitle "playchess.com"]
[Source "ChessBase"]
[SourceQuality "1"]
[TimeControl "40/5400+30:1800+30"]

1. e4 c5 2. Nf3 Nc6 3. Bb5 g6 4. O-O Bg7 5. Re1 e5 6. c3 Nge7 7. d4 cxd4 8. cxd4 Nxd4 9. Nxd4 exd4 10. Bg5 O-O 11. e5 h6 12. Bf6 Bxf6 13. exf6 Nc6 14. Qf3 Qb6 15. Na3 a6 16. Bd3 d6 17. Nc4 Qc5 18. Rac1 Qg5 19. Be4 Ne5 20. Nxe5 dxe5 21. Rc7 Rb8 22. h4 Qxh4 23. Bxg6 Bg4 24. Qe4 Qg5 25. Bxf7+ Rxf7 26. Rxf7 Kxf7 27. Qh7+ Kxf6 28. f4 Qg6 29. fxe5+ Kg5 30. Qe7+ Kh5 31. g3 d3 32. Qh4# 1-0

[Event "XXVII RUS-chT Women 2020"]
[Site "Sochi"]
[Date "2020.11.23"]
[Round "5.24"]
[White "Zavivaeva, Evelina"]
[Black "Tinina, Kristina"]
[Result "1/2-1/2"]
[ECO "B22"]
[WhiteElo "1589"]
[BlackElo "1678"]
[Annotator "NA"]
[PlyCount "110"]
[EventDate "2020.11.19"]
[EventType "team-tourn"]
[EventCountry "RUS"]
[SourceTitle "playchess.com"]
[Source "ChessBase"]
[SourceQuality "1"]
[TimeControl "40/5400+30:1800+30"]

1. e4 c5 2. c3 Nf6 3. e5 Nd5 4. d4 cxd4 5. Nf3 Nc6 6. cxd4 d6 7. Bc4 e6 8. O-O Nb6 9. Bb5 Bd7 10. Nc3 dxe5 11. Nxe5 Be7 12. Qg4 Bf6 13. Nxd7 Nxd7 14. d5 Nce5 15. Qh3 a6 16. dxe6 axb5 17. exd7+ Qxd7 18. Qxd7+ Nxd7 19. Re1+ Kf8 20. Nxb5 h5 21. Nc7 Rc8 22. Bf4 g5 23. Bd6+ Kg7 24. Re2 Nb6 25. Rc1 Rhd8 26. Rd2 Na8 27. Rdc2 Rxd6 28. Ne6+ Rxe6 29. Rxc8 Nb6 30. R8c7 Bxb2 31. Rb1 Nd5 32. Rxb7 Bf6 33. Ra7 Nc3 34. Rf1 Re2 35. a4 Ra2 36. a5 Bd4 37. Rd7 Rxa5 38. g3 Bf6 39. Kg2 Rf5 40. h3 Ne4 41. f3 Nc5 42. Rc7 Ne6 43. Rb7 Ra5 44. Rf2 Nd4 45. Rd7 Ra3 46. Rd5 Kg6 47. Rd6 Nf5 48. Rc6 Kg7 49. Rc5 Kg6 50. Rc6 h4 51. g4 Ne3+ 52. Kh2 Nd5 53. Rc5 Be5+ 54. Kg1 Ra1+ 55. Kg2 Ne3# 1/2-1/2

[Event "XXVII RUS-chT Women 2020"]
[Site "Sochi"]
[Date "2020.11.25"]
[Round "6.22"]
[White "Vifleemskaia, Svetlana"]
[Black "Baiburina, Kamilla"]
[Result "1/2-1/2"]
[ECO "A40"]
[WhiteElo "1911"]
[BlackElo "1805"]
[Annotator "NA"]
[PlyCount "88"]
[EventDate "2020.11.19"]
[EventType "team-tourn"]
[EventCountry "RUS"]
[SourceTitle "playchess.com"]
[Source "ChessBase"]
[SourceQuality "1"]
[TimeControl "40/5400+30:1800+30"]

1. d4 e6 2. c4 b6 3. a3 Bb7 4. Nc3 Nf6 5. d5 d6 6. e4 Nbd7 7. Nge2 g6 8. Ng3 Bg7 9. Be2 O-O 10. O-O Re8 11. Be3 Qe7 12. Bd4 a5 13. b4 axb4 14. axb4 Rxa1 15. Qxa1 Ra8 16. Qb2 h5 17. f3 Qf8 18. Ra1 Rxa1+ 19. Qxa1 Ne8 20. Nb5 Bxd4+ 21. Qxd4 Ba6 22. Nc3 Qg7 23. Qxg7+ Kxg7 24. Nf1 Nef6 25. Kf2 Kf8 26. h4 exd5 27. exd5 Ne5 28. Nd2 Ke7 29. Ke3 Bb7 30. g3 Ned7 31. f4 Nb8 32. Nb5 Kd8 33. Kd4 Ba6 34. Na3 c5+ 35. dxc6 Nxc6+ 36. Kc3 Ne7 37. Bd3 d5 38. b5 Bb7 39. Kd4 Nd7 40. Nb3 dxc4 41. Nxc4 Bd5 42. Nbd2 Kc7 43. Ne3 Bb7 44. f5 gxf5 1/2-1/2

[Event "XXVII RUS-chT Women 2020"]
[Site "Sochi"]
[Date "2020.11.25"]
[Round "6.24"]
[White "Zavivaeva, Evelina"]
[Black "Absalyamova, Karina"]
[Result "0-1"]
[ECO "C01"]
[WhiteElo "1589"]
[BlackElo "1884"]
[Annotator "NA"]
[PlyCount "80"]
[EventDate "2020.11.19"]
[EventType "team-tourn"]
[EventCountry "RUS"]
[SourceTitle "playchess.com"]
[Source "ChessBase"]
[SourceQuality "1"]
[TimeControl "40/5400+30:1800+30"]

1. e4 e6 2. d4 d5 3. exd5 exd5 4. Nf3 Bd6 5. Bd3 Nc6 6. O-O Nge7 7. c3 Bg4 8. Bg5 f6 9. Bh4 Qd7 10. Nbd2 O-O-O 11. b4 Nf5 12. Bg3 Nxg3 13. hxg3 h5 14. b5 Ne7 15. Qa4 Kb8 16. c4 dxc4 17. Qxc4 Be6 18. Qc2 Nd5 19. a3 g5 20. Ne4 h4 21. Nc5 Bxc5 22. dxc5 hxg3 23. Rfe1 Nf4 24. Be4 f5 25. Rad1 Qh7 26. Rxd8+ Rxd8 27. fxg3 fxe4 28. gxf4 g4 29. Ng5 Qh4 30. Qxe4 Bf5 31. Qe7 Rh8 32. Nf7 Qh2+ 33. Kf1 Bd3+ 34. Kf2 Qxf4+ 35. Kg1 Rc8 36. Qe3 Qxf7 37. Qxd3 Qh5 38. c6 Rh8 39. Qe4 g3 40. Kf1 Rf8+ 0-1

[Event "XXVII RUS-chT Women 2020"]
[Site "Sochi"]
[Date "2020.11.26"]
[Round "7.20"]
[White "Lesnykh, Zhanna"]
[Black "Zavivaeva, Evelina"]
[Result "1-0"]
[ECO "C89"]
[WhiteElo "1755"]
[BlackElo "1589"]
[Annotator "NA"]
[PlyCount "100"]
[EventDate "2020.11.19"]
[EventType "team-tourn"]
[EventCountry "RUS"]
[SourceTitle "playchess.com"]
[Source "ChessBase"]
[SourceQuality "1"]
[TimeControl "40/5400+30:1800+30"]

1. e4 e5 2. Nf3 Nc6 3. Bb5 a6 4. Ba4 Nf6 5. O-O Be7 6. Re1 b5 7. Bb3 O-O 8. c3 d5 9. exd5 Nxd5 10. Nxe5 Nxe5 11. Rxe5 c6 12. d4 Bd6 13. Re1 Qh4 14. g3 Qh3 15. Qf3 Bf5 16. Be3 Rae8 17. Nd2 Bg4 18. Qg2 Qh5 19. a4 Re6 20. axb5 axb5 21. Bxd5 cxd5 22. Ra5 Rb8 23. Rea1 Ree8 24. Ra6 Re6 25. Ra8 Ree8 26. Rxb8 Rxb8 27. Qf1 b4 28. Qa6 Qg6 29. Qc6 bxc3 30. bxc3 Qe6 31. Ra6 Bf8 32. Qxe6 Bxe6 33. Rc6 Ra8 34. Kg2 g6 35. Bf4 Ra2 36. Nf3 Rc2 37. Ne1 Re2 38. Kf1 Ra2 39. Kg2 Re2 40. Nf3 Rc2 41. h3 Bf5 42. g4 Be4 43. Rc8 Kg7 44. g5 Kg8 45. Bd6 Bxf3+ 46. Kxf3 Rxc3+ 47. Rxc3 Bxd6 48. Rc8+ Kg7 49. Rd8 Be7 50. Rxd5 Kf8 1-0

[Event "XXVII RUS-chT Women 2020"]
[Site "Sochi"]
[Date "2020.11.27"]
[Round "8.23"]
[White "Zavivaeva, Emilia"]
[Black "Vasilevich, Irina"]
[Result "0-1"]
[ECO "A40"]
[WhiteElo "1790"]
[BlackElo "2258"]
[Annotator "NA RC"]
[PlyCount "78"]
[EventDate "2020.11.19"]
[EventType "team-tourn"]
[EventCountry "RUS"]
[SourceTitle "playchess.com"]
[Source "ChessBase"]
[SourceQuality "1"]
[TimeControl "40/5400+30:1800+30"]

1. d4 b6 2. Nf3 Bb7 3. e3 Nf6 4. Bd3 d6 5. O-O Nbd7 6. c4 e5 7. Bc2 Be7 8. Nc3 O-O 9. Qe2 Re8 10. b3 Nf8 11. Bb2 $14 Ng6 12. Rad1 Nd7 13. d5 a6 14. a4 a5 15. Nd2 Bc8 16. f4 exf4 17. exf4 Bf6 18. Qh5 Nc5 19. Rde1 Bd7 20. Ba1 Bd4+ 21. Kh1 Rxe1 22. Rxe1 Qh4 23. Qxh4 Nxh4 24. Bb2 Kf8 25. g3 Nf5 26. Nf3 Bf6 27. Nd1 Bxb2 28. Nxb2 Re8 29. Rxe8+ Kxe8 30. Nd1 h5 31. Kg2 Ke7 32. h3 f6 33. Kf2 Nh6 34. Kg2 Bf5 35. Bxf5 Nxf5 36. g4 hxg4 37. hxg4 Nh6 38. Ne3 Nxb3 39. f5 Nf7 0-1

[Event "XXVII RUS-chT Women 2020"]
[Site "Sochi"]
[Date "2020.11.27"]
[Round "8.24"]
[White "Stroganova, Karina"]
[Black "Zavivaeva, Evelina"]
[Result "1-0"]
[ECO "D20"]
[WhiteElo "1826"]
[BlackElo "1589"]
[Annotator "NA RC"]
[PlyCount "61"]
[EventDate "2020.11.19"]
[EventType "team-tourn"]
[EventCountry "RUS"]
[SourceTitle "playchess.com"]
[Source "ChessBase"]
[SourceQuality "1"]
[TimeControl "40/5400+30:1800+30"]

1. d4 d5 2. c4 dxc4 3. e4 Nf6 4. e5 Nd5 5. Bxc4 Bf5 6. Nf3 e6 7. O-O Be7 8. Nc3 Nb6 9. Bb3 c6 10. Qe2 O-O 11. Rd1 N8d7 12. Ne4 Qc7 13. Bg5 Bxg5 14. Nfxg5 Rad8 15. Nd6 Nc8 16. Nxf5 exf5 17. Qh5 h6 18. Nxf7 Rxf7 19. Qxf7+ Kh8 20. e6 Nd6 21. Qe7 Nc8 22. Qh4 Nf6 23. Rac1 Ne7 24. d5 Nexd5 25. Bxd5 Rxd5 26. Rxd5 Nxd5 27. Re1 Qe7 28. Qxe7 Nxe7 29. Rd1 Ng6 30. Rd7 Kg8 31. Rxb7 1-0

[Event "XXVII RUS-chT Women 2020"]
[Site "Sochi"]
[Date "2020.11.28"]
[Round "9.20"]
[White "Mukhina, Jana"]
[Black "Lukina, Aleksandra"]
[Result "1-0"]
[ECO "C08"]
[WhiteElo "2012"]
[BlackElo "2060"]
[Annotator "NA RC"]
[PlyCount "119"]
[EventDate "2020.11.19"]
[EventType "team-tourn"]
[EventCountry "RUS"]
[SourceTitle "playchess.com"]
[Source "ChessBase"]
[SourceQuality "1"]
[TimeControl "40/5400+30:1800+30"]

1. e4 e6 2. d4 d5 3. Nd2 c5 4. exd5 exd5 5. Ngf3 Nf6 6. Bb5+ Bd7 7. Bxd7+ Nbxd7 8. O-O Be7 9. dxc5 Nxc5 10. Nd4 Qd7 11. N2b3 Nce4 12. Qf3 O-O 13. Nf5 Bd8 14. Be3 Rc8 15. c3 Re8 16. Bd4 Qb5 17. Nxg7 Rf8 18. Nh5 Qc6 19. Nxf6+ Bxf6 20. Qg4+ Kh8 21. f3 Bxd4+ 22. Nxd4 Nf6 23. Nxc6 Nxg4 24. Nxa7 Ra8 25. fxg4 Rxa7 26. Rf5 d4 27. cxd4 Ra4 28. Rd5 Rb4 29. b3 Ra8 30. Rd7 Kg8 31. h3 b6 32. Kf2 Kf8 33. Ke3 Rxb3+ 34. axb3 Rxa1 35. Rb7 Rg1 36. Kf3 Rd1 37. Ke4 Rg1 38. Rxb6 Rxg2 39. Rh6 Kg7 40. Rh5 Rb2 41. Rb5 Rh2 42. Rg5+ Kf6 43. Rf5+ Kg6 44. Rf3 f6 45. Kd5 h6 46. b4 Rb2 47. Kc4 Kf7 48. Rb3 Rc2+ 49. Kd5 Ke7 50. b5 Kd7 51. b6 Kc8 52. b7+ Kb8 53. Kd6 Rc4 54. d5 h5 55. gxh5 Rh4 56. Kc6 Rc4+ 57. Kb6 f5 58. d6 Rd4 59. Kc5 Rd1 60. h6 1-0